 Dungeon Crawl Stone Soup version 0.28.0-45-g0d030f2227 (webtiles) character file.

Game seed: 6436927840634924700

763 brightshaft the Skirmisher (level 8, -3/62 HPs)
             Began as a Djinni Conjurer on Apr 16, 2022.
             Slain by a sky beast (6 damage)
             ... on level 5 of the Dungeon.
             The game lasted 00:08:37 (5353 turns).

brightshaft the Skirmisher (Djinni Conjurer)        Turns: 5353, Time: 00:08:38

Health: -3/62      AC:  2    Str:  6    XL:     8   Next: 8%
Gold:   245        EV: 12    Int: 21    God:
                   SH:  5    Dex: 19

rFire   + + .      SeeInvis .   o - +2 dagger (vamp)
rCold   x . .      Faith    .   c - +0 buckler
rNeg    . . .      Spirit   .   a - +0 robe
rPois   ∞          Reflect  .   (no helmet)
rElec   .          Harm     .   m - scarf {shadows}
rCorr   .          Rampage  .   (no gloves)
Will    .....                   (boots unavailable)
Stlth   ++........              r - amulet of the acrobat
HPRegen 0.20/turn               d - +6 ring of dexterity
MPRegen 0.00/turn               (no ring)

@: flying
A: sickness immunity, fire resistance 2, cold vulnerability 1, float, innate
caster, HP casting, extra vitality 1
a: no special abilities


You were on level 5 of the Dungeon.
You visited 1 branch of the dungeon, and saw 5 of its levels.

You collected 245 gold pieces.

Inventory:

Hand Weapons
 o - a +2 vampiric dagger (weapon)
Missiles
 n - a throwing net
Armour
 a - a +0 robe (worn)
 c - a +0 buckler (worn)
 m - a scarf of shadows (worn)
Jewellery
 d - a +6 ring of dexterity (left hand)
 r - an amulet of the acrobat (around neck)
Scrolls
 b - 4 scrolls of teleportation {unknown}
 e - 2 scrolls of fog {unknown}
 g - a scroll of torment {unknown}
 h - 3 scrolls of blinking {unknown}
 i - 4 scrolls of identify {unknown}
 s - a scroll of brand weapon {unknown}
Potions
 f - 2 potions of lignification {unknown}
 j - a potion of brilliance {unknown}
 k - a potion of magic {unknown}
 l - a potion of curing {unknown}
 p - 3 potions of heal wounds {unknown}
 q - a potion of cancellation {unknown}
 t - 2 potions of attraction {unknown}


   Skills:
 * Level 6.4 Fighting
 - Level 2.2 Dodging
 - Level 1.6 Stealth
 + Level 2.0 Shields
 + Level 4.8 Spellcasting


You couldn't memorise any spells.
You knew the following spells:

 Your Spells              Type           Power      Damage    Failure   Level
a - Magic Dart            Conj           100%       1d8       1%          1
b - Searing Ray           Conj           50%        2d6       3%          2
c - Dazzling Flash        Conj/Hex       50%        N/A       6%          3
d - Fulminant Prism       Conj/Hex       12%        3d9       21%         4
e - Iskenderun's Mystic   Conj/Tloc      25%        2d7       21%         4
f - Pain                  Necr           100%       1d9       1%          1
g - Poisonous Vapours     Pois/Air       50%        N/A       3%          2
h - Wereblood             Tmut           25%        N/A       3%          2
Your spell library was empty.

Dungeon Overview and Level Annotations

Branches:
Dungeon (5/15)
 Temple: D:4-7

Altars:


Innate Abilities, Weirdness & Mutations

You are immune to sickness and miasma.
You are immune to poison.
Your flesh is very heat resistant. (rF++)
You are vulnerable to cold. (rC-)
You float through the air rather than walking.
You learn spells naturally, not from books.
Your magical power is your life essence.
You have superior vitality. (+4 MHP)


Message History

The helpless sky beast fails to defend itself.
You puncture the sky beast!
The sky beast is moderately wounded.
The sky beast hits you. The sky beast shocks you.
Casting: Searing Ray (safe; 3% risk of failure)
Confirm with . or Enter, or press ? or * to list all spells.
Aiming: Searing Ray (safe; 3% risk of failure)
Press: ? - help, Shift-Dir - straight line, f - sky beast
Aim: a sky beast (moderately wounded, 71% to hit)
The searing ray hits the sky beast.
The sky beast is moderately wounded. (Press . to maintain the ray.)
The sky beast hits you. The sky beast shocks you.
The searing ray hits the sky beast!
The sky beast is severely wounded.
The sky beast completely misses you.
The searing ray misses the sky beast.
The sky beast completely misses you.
The searing ray hits the sky beast.
The sky beast is severely wounded.
You finish channelling your searing ray.
The sky beast flickers out of sight!
Deactivating autopickup; reactivate with Ctrl-A.
Something hits you. Something shocks you.
You closely miss something. Something hits you. Something shocks you.
You hit something.
You feel better. You block something's attack.
You hit something but do no damage. Something barely misses you.
You closely miss something. Something hits you. Something shocks you.
You hit something but do no damage. Something hits you.
* * * LOW HITPOINT WARNING * * *
Something shocks you.
* * * LOW HITPOINT WARNING * * *
You hit something but do no damage. Something hits you.
* * * LOW HITPOINT WARNING * * *
Something shocks you.
* * * LOW HITPOINT WARNING * * *
There is a stone staircase leading up here.
Something hits you.
* * * LOW HITPOINT WARNING * * *
Something shocks you.
You die...

#.......# #......#
##.####### #......#
#.#.....#### #......#
##.#.###.##.######
#....#.# #....#
#.##....... #....#.#
##.### #.##.......
#....#.# #.# #.#<.......
#.<..#.) ### #.##.######
#######. #.......#@###
### #. ###.........# #.#
. #.........# #.# #
#.........#######.######
#.........##............
#.........##.##########.
#.........##.# #.
#............# #####.
##.....############.....


There were no monsters in sight!

Vanquished Creatures
  A necrophage (D:5)
  2 ogres
  3 phantoms
  A scorpion (D:4)
  A centaur skeleton (D:5)
  An iguana (D:5)
  An orc wizard (D:3)
  3 adders
  2 white imps (D:5)
  2 ufetubi (D:4)
  An adder zombie (D:5)
  2 adder skeletons (D:4)
  A worm (D:4)
  4 orcs
  3 endoplasms
  2 giant cockroaches
  6 goblins
  8 hobgoblins
  2 jackals (D:1)
  8 kobolds
  2 quokkas
  5 ball pythons
  11 bats
  5 frilled lizards
  8 rats
85 creatures vanquished.

Notes
Turn   | Place    | Note
-------+----------+-------------------------------------------
     0 | D:1      | brightshaft the Djinni Conjurer began the quest for the
                  | Orb.
     0 | D:1      | Reached XP level 1. HP: 15/15 MP: 0/0
   112 | D:1      | Reached XP level 2. HP: 10/22 MP: 0/0
   115 | D:1      | Reached skill level 1 in Fighting
   655 | D:1      | Reached XP level 3. HP: 26/28 MP: 0/0
   655 | D:1      | Learned a level 1 spell: Pain
   830 | D:1      | Reached skill level 2 in Fighting
   869 | D:1      | Found a faded altar of an unknown god.
  1361 | D:2      | Reached XP level 4. HP: 31/34 MP: 0/0
  2256 | D:3      | Reached skill level 3 in Fighting
  2352 | D:3      | Reached XP level 5. HP: 9/40 MP: 0/0
  2352 | D:3      | Learned a level 2 spell: Poisonous Vapours
  3225 | D:4      | Noticed a phantom
  3242 | D:4      | Killed a phantom
  3243 | D:4      | Reached skill level 4 in Fighting
  3514 | D:4      | Reached XP level 6. HP: 46/47 MP: 0/0
  3727 | D:4      | Noticed an ogre
  3757 | D:4      | Killed an ogre
  3844 | D:4      | Reached skill level 5 in Fighting
  3916 | D:4      | Reached XP level 7. HP: 6/54 MP: 0/0
  3916 | D:4      | Learned a level 2 spell: Wereblood
  4405 | D:5      | Entered Level 5 of the Dungeon
  4808 | D:5      | Reached skill level 6 in Fighting
  4808 | D:5      | Reached skill level 1 in Shields
  5085 | D:5      | Reached XP level 8. HP: 56/62 MP: 0/0
  5334 | D:5      | HP: 1/62 [something (6)]
  5353 | D:5      | HP: 3/62 [something (2)]
  5353 | D:5      | Slain by a sky beast

Illustrated notes

Levels and vault maps discovered:
D:1:      eino_arrival_cavern_e, layout_basic,
          shapermc_ecumenical_altar_starsandcircs, corexii_hall_statues_u,
          st_stairs_6
D:2:      layout_basic
D:3:      layout_loops_ring
D:4:      layout_rooms, nicolae_figureground_sparkle
D:5:      layout_basic, minivault_24, uniq_duvessa

Skill      XL: |  1  2  3  4  5  6  7  8 |
---------------+-------------------------+-----
Fighting       | 1 2 3 4 5 6 |  6.4
Spellcasting   | 4 |  4.8
Shields        | 1 2 |  2.0
Dodging        | |  2.2
Stealth        | |  1.6

Action                   |  1- 3 |  4- 6 |  7- 9 || total
-------------------------+-------+-------+-------++-------
Melee: Short sword       |     1 |       |       ||     1
       Dagger            |       |    56 |    47 ||   103
       Long sword        |       |    10 |       ||    10
 Cast: Magic Dart        |    59 |    26 |     1 ||    86
       Searing Ray       |     1 |     8 |     9 ||    18
       Poisonous Vapours |       |    23 |    16 ||    39
 Stab: Sleeping          |     1 |     1 |     2 ||     4
Armor: Robe              |       |     9 |     7 ||    16
Dodge: Dodged            |     2 |    49 |    46 ||    97
Block: Buckler           |       |       |    11 ||    11
